TOP OF THE 1ST |
Pulaski Yankees batting - Pitching for Burlington Royals : RHP Mike Tuck
|
Pitching: RHP Mike Tuck
|
|
Batting: LHB Joel Vera
|
0-0: Ball 1-0: Ball 2-0: Ball 3-0: Called Strike 3-1: Foul Ball, location: 2F 3-2: DOUBLE (Groundball, 3L, EV 106.2 MPH)
|
Batting: LHB Dan Morris
|
0-0: Ball 1-0: Ball 2-0: Called Strike 2-1: SINGLE (Groundball, 6MD, EV 93.8 MPH) Joel Vera to third Runner from 3rd tries for Home, throw by CF and OUT! 8-2 Dan Morris to second
|
Batting: SHB Blake Abbott
|
0-0: Called Strike 0-1: 2-RUN HOME RUN (Flyball, 9LD, EV 96.9 MPH), Distance : 347 ft
|
Batting: RHB Mike Gifford
|
0-0: Called Strike 0-1: Ball 1-1: Swinging Strike 1-2: Ball 2-2: Foul Ball, location: 2F 2-2: Foul Ball, location: 2F 2-2: Reached on error, E8 (Flyball, 8LM, EV 86.2 MPH)
|
Batting: RHB Bobby Melillo
|
0-0: Ball 1-0: Called Strike 1-1: SINGLE (Groundball, 56D, EV 95.6 MPH) Mike Gifford to second
|
Batting: SHB Joe Fure
|
0-0: Swinging Strike 0-1: Ball 1-1: Ball 2-1: Swinging Strike 2-2: Ball 3-2: Fly out, F5 (Line Drive, 5, EV 68.8 MPH)
|
Batting: RHB Nick Dunton
|
0-0: Ball 1-0: Ball 2-0: Ball 3-0: Base on Balls Mike Gifford to third Bobby Melillo to second
|
Batting: RHB Johannes Gutermuth
|
0-0: Swinging Strike 0-1: Swinging Strike 0-2: Ball 1-2: SINGLE (Groundball, 4MD, EV 109.4 MPH) (infield hit) Mike Gifford scores Bobby Melillo to third Nick Dunton to second
|
Batting: RHB Roberto Tena
|
0-0: Ball 1-0: Called Strike 1-1: Ball 2-1: Called Strike 2-2: Fielders Choice at 2nd, 6-4 (Groundball, 6, EV 93.1 MPH)
|
Top of the 1st over - 3 runs, 5 hits, 1 error, 3 left on base; Pulaski 3 - Burlington 0 |
BOTTOM OF THE 1ST |
Burlington Royals batting - Pitching for Pulaski Yankees : LHP Arturo Eli
|
Pitching: LHP Arturo Eli
|
|
Batting: RHB Tim Persson
|
0-0: Ball 1-0: SINGLE (Line Drive, 8LS, EV 92.5 MPH)
|
Batting: LHB Ernesto Abreu
|
0-0: Called Strike 0-1: Foul Ball, location: 2F 0-2: Strikes out swinging
|
Batting: SHB Manny Berrones
|
0-0: Ball 1-0: Called Strike 1-1: Called Strike 1-2: Strikes out looking
|
Batting: SHB Danny Ballenger
|
0-0: Foul Ball, location: 2F 0-1: Ball 1-1: Fielders Choice at 2nd, U4 (Groundball, 4M, EV 85.0 MPH)
|
Bottom of the 1st over - 0 runs, 1 hit, 0 errors, 1 left on base; Pulaski 3 - Burlington 0 |
TOP OF THE 2ND |
Pulaski Yankees batting - Pitching for Burlington Royals : RHP Mike Tuck
|
Batting: LHB Joel Vera
|
0-0: Ball 1-0: Ball 2-0: Foul Ball, location: 2F 2-1: Foul Ball, location: 2F 2-2: Ground out U3 (Groundball, 3L, EV 101.2 MPH)
|
Batting: LHB Dan Morris
|
0-0: Ball 1-0: DOUBLE (Line Drive, 9D, EV 90.0 MPH)
|
Batting: SHB Blake Abbott
|
0-0: Ball Wild Pitch! Dan Morris to third 1-0: 2-RUN HOME RUN (Flyball, 89XD, EV 110.0 MPH), Distance : 432 ft
|
Batting: RHB Mike Gifford
|
0-0: Called Strike 0-1: Swinging Strike 0-2: Ball 1-2: Foul Ball, location: 2F 1-2: Strikes out swinging
|
Batting: RHB Bobby Melillo
|
0-0: Ball 1-0: Ball 2-0: Foul Ball, location: 2F 2-1: Foul Ball, location: 2F 2-2: Ball 3-2: Fly out, F2 (Popup, 2RF, EV 94.4 MPH)
|
Top of the 2nd over - 2 runs, 2 hits, 0 errors, 0 left on base; Pulaski 5 - Burlington 0 |
BOTTOM OF THE 2ND |
Burlington Royals batting - Pitching for Pulaski Yankees : LHP Arturo Eli
|
Batting: RHB Rob Ward
|
0-0: Ground out 6-3 (Groundball, 6, EV 76.2 MPH)
|
Batting: LHB Bobby Gonzalez
|
0-0: Ball 1-0: Ball 2-0: Foul Ball, location: 2F 2-1: Ball 3-1: Called Strike 3-2: Strikes out swinging
|
Batting: SHB Marcos Cortez
|
0-0: Called Strike 0-1: Called Strike 0-2: Ball 1-2: Ball 2-2: Strikes out swinging
|
Bottom of the 2nd over - 0 runs, 0 hits, 0 errors, 0 left on base; Pulaski 5 - Burlington 0 |
TOP OF THE 3RD |
Pulaski Yankees batting - Pitching for Burlington Royals : RHP Mike Tuck
|
Pitching: RHP Angel Castorena
|
|
Batting: SHB Joe Fure
|
0-0: Called Strike 0-1: Ball 1-1: Ball 2-1: Ground out 4-3 (Groundball, 4, EV 109.4 MPH)
|
Batting: RHB Nick Dunton
|
0-0: Foul Ball, location: 2F 0-1: Foul Ball, location: 2F 0-2: Fly out, F4 (Flyball, 4D, EV 76.2 MPH)
|
Batting: RHB Johannes Gutermuth
|
0-0: Ball 1-0: SINGLE (Line Drive, 8RS, EV 103.1 MPH)
|
Batting: RHB Roberto Tena
|
0-0: Ball 1-0: Swinging Strike 1-1: Ball Johannes Gutermuth steals 2nd base 2-1: 2-RUN HOME RUN (Flyball, 78XD, EV 108.1 MPH), Distance : 405 ft
|
Batting: LHB Joel Vera
|
0-0: Ball 1-0: Called Strike 1-1: Swinging Strike 1-2: Ball 2-2: Ball 3-2: SINGLE (Flyball, 6D, EV 86.2 MPH)
|
Batting: LHB Dan Morris
|
0-0: Ball Wild Pitch! Joel Vera to second 1-0: SINGLE (Groundball, 34, EV 109.4 MPH) Joel Vera to third Runner from 3rd tries for Home, SAFE, throw by RF to home
|
Batting: SHB Blake Abbott
|
0-0: Ball 1-0: Foul Ball, location: 2F 1-1: Swinging Strike 1-2: 2-RUN HOME RUN (Line Drive, 9LD, EV 92.5 MPH), Distance : 339 ft
|
Pitching: RHP Tim Tucker
|
|
Batting: RHB Mike Gifford
|
0-0: Ball 1-0: Swinging Strike 1-1: Ball 2-1: Foul Ball, location: 2F 2-2: Ball 3-2: Base on Balls
|
Batting: RHB Bobby Melillo
|
0-0: Called Strike 0-1: Foul Ball, location: 2F 0-2: Fly out, F8 (Line Drive, 8RM, EV 85.0 MPH)
|
Top of the 3rd over - 5 runs, 5 hits, 0 errors, 1 left on base; Pulaski 10 - Burlington 0 |
BOTTOM OF THE 3RD |
Burlington Royals batting - Pitching for Pulaski Yankees : LHP Arturo Eli
|
Batting: RHB Shane Bruce
|
0-0: Ball 1-0: Called Strike 1-1: Foul Ball, location: 2F 1-2: Strikes out swinging
|
Batting: RHB Matthew Orphan
|
0-0: Ball 1-0: SINGLE (Groundball, 4MD, EV 103.1 MPH)
|
Batting: RHB Tim Persson
|
0-0: Foul Ball, location: 2F 0-1: Swinging Strike 0-2: Strikes out swinging
|
Batting: LHB Ernesto Abreu
|
0-0: Called Strike 0-1: Foul Ball, location: 2F 0-2: Strikes out swinging
|
Bottom of the 3rd over - 0 runs, 1 hit, 0 errors, 1 left on base; Pulaski 10 - Burlington 0 |
TOP OF THE 4TH |
Pulaski Yankees batting - Pitching for Burlington Royals : RHP Tim Tucker
|
Batting: SHB Joe Fure
|
0-0: Ball 1-0: Called Strike 1-1: Swinging Strike 1-2: Strikes out swinging
|
Batting: RHB Nick Dunton
|
0-0: Foul Ball, location: 2F 0-1: Ground out U3 (Groundball, 34S, EV 78.8 MPH)
|
Batting: RHB Johannes Gutermuth
|
0-0: Called Strike 0-1: Ball 1-1: Foul Ball, location: 2F 1-2: Ball 2-2: Ball 3-2: Strikes out swinging
|
Top of the 4th over - 0 runs, 0 hits, 0 errors, 0 left on base; Pulaski 10 - Burlington 0 |
BOTTOM OF THE 4TH |
Burlington Royals batting - Pitching for Pulaski Yankees : LHP Arturo Eli
|
Batting: SHB Manny Berrones
|
0-0: Foul Ball, location: 2F 0-1: SINGLE (Groundball, 5S, EV 70.0 MPH) (infield hit)
|
Batting: SHB Danny Ballenger
|
0-0: Foul Ball, location: 2F 0-1: Swinging Strike 0-2: Foul Ball, location: 2F 0-2: Ball 1-2: Ball 2-2: Strikes out looking
|
Batting: RHB Rob Ward
|
0-0: Called Strike 0-1: Foul Ball, location: 2F 0-2: Foul Ball, location: 2F 0-2: Ball 1-2: Ball 2-2: Foul Ball, location: 2F 2-2: Ball 3-2: Fielders Choice at 2nd, 6-4 (Groundball, 6, EV 83.8 MPH)
|
Batting: LHB Bobby Gonzalez
|
0-0: Ball 1-0: Swinging Strike 1-1: Fly out, F9 (Line Drive, 9D, EV 88.8 MPH)
|
Bottom of the 4th over - 0 runs, 1 hit, 0 errors, 1 left on base; Pulaski 10 - Burlington 0 |
TOP OF THE 5TH |
Pulaski Yankees batting - Pitching for Burlington Royals : RHP Tim Tucker
|
Batting: RHB Roberto Tena
|
0-0: Ball 1-0: Ball 2-0: Foul Ball, location: 2F 2-1: Ball 3-1: Called Strike 3-2: Base on Balls
|
Batting: LHB Joel Vera
|
0-0: Ball 1-0: Swinging Strike 1-1: Ball 2-1: Ball 3-1: Base on Balls Roberto Tena to second
|
Batting: LHB Dan Morris
|
0-0: Called Strike 0-1: Ball 1-1: Called Strike 1-2: SINGLE (Groundball, 56D, EV 96.2 MPH) Roberto Tena to third Joel Vera to second Runner from 3rd tries for Home, SAFE, throw by LF to home
|
Batting: SHB Blake Abbott
|
0-0: Ball 1-0: Swinging Strike 1-1: Foul Ball, location: 2F 1-2: Strikes out looking
|
Batting: RHB Mike Gifford
|
0-0: Ball 1-0: Ball 2-0: Ball 3-0: Called Strike 3-1: Base on Balls Joel Vera to third Dan Morris to second
|
Batting: RHB Bobby Melillo
|
0-0: Ball 1-0: Foul Ball, location: 2F 1-1: Foul Ball, location: 2F 1-2: SINGLE (Groundball, 4MD, EV 100.0 MPH) Joel Vera scores Dan Morris to third Mike Gifford to second Runner from 3rd tries for Home, throw by CF and OUT! 8-2
|
Batting: SHB Joe Fure
|
0-0: Swinging Strike 0-1: Swinging Strike 0-2: Strikes out looking
|
Top of the 5th over - 2 runs, 2 hits, 0 errors, 2 left on base; Pulaski 12 - Burlington 0 |
BOTTOM OF THE 5TH |
Burlington Royals batting - Pitching for Pulaski Yankees : LHP Arturo Eli
|
Batting: SHB Marcos Cortez
|
0-0: Called Strike 0-1: Ground out U3 (Groundball, 34, EV 107.5 MPH)
|
Batting: RHB Shane Bruce
|
0-0: Foul Ball, location: 2F 0-1: Called Strike 0-2: Foul Ball, location: 2F 0-2: Foul Ball, location: 2F 0-2: Ball 1-2: Strikes out swinging
|
Batting: RHB Matthew Orphan
|
0-0: Called Strike 0-1: Called Strike 0-2: Ball 1-2: Foul Ball, location: 2F 1-2: Ball 2-2: Strikes out swinging
|
Bottom of the 5th over - 0 runs, 0 hits, 0 errors, 0 left on base; Pulaski 12 - Burlington 0 |
TOP OF THE 6TH |
Pulaski Yankees batting - Pitching for Burlington Royals : RHP Tim Tucker
|
Batting: RHB Nick Dunton
|
0-0: Foul Ball, location: 2F 0-1: Ball 1-1: Ball 2-1: Fly out, F7 (Flyball, 78M, EV 92.5 MPH)
|
Pitching: RHP Kolenka Leschenya
|
|
Batting: RHB Johannes Gutermuth
|
0-0: Ball 1-0: Fly out, F9 (Line Drive, 9, EV 97.5 MPH)
|
Batting: RHB Roberto Tena
|
0-0: Ball 1-0: Called Strike 1-1: Foul Ball, location: 2F 1-2: Ball 2-2: Ball 3-2: Strikes out swinging
|
Top of the 6th over - 0 runs, 0 hits, 0 errors, 0 left on base; Pulaski 12 - Burlington 0 |
BOTTOM OF THE 6TH |
Burlington Royals batting - Pitching for Pulaski Yankees : LHP Arturo Eli
|
Batting: RHB Tim Persson
|
0-0: Ball 1-0: Ground out 5-3 (Groundball, 56, EV 106.9 MPH)
|
Batting: LHB Ernesto Abreu
|
0-0: Swinging Strike 0-1: Ball 1-1: Ball 2-1: Foul Ball, location: 2F 2-2: Foul Ball, location: 2F 2-2: Strikes out swinging
|
Batting: SHB Manny Berrones
|
0-0: Swinging Strike 0-1: Ball 1-1: Ball 2-1: Called Strike 2-2: Foul Ball, location: 2F 2-2: Foul Ball, location: 2F 2-2: Foul Ball, location: 2F 2-2: Ground out 4-3 (Groundball, 4, EV 78.8 MPH)
|
Bottom of the 6th over - 0 runs, 0 hits, 0 errors, 0 left on base; Pulaski 12 - Burlington 0 |
TOP OF THE 7TH |
Pulaski Yankees batting - Pitching for Burlington Royals : RHP Kolenka Leschenya
|
Batting: LHB Joel Vera
|
0-0: Ground out U3 (Groundball, 34, EV 90.6 MPH)
|
Batting: LHB Dan Morris
|
0-0: Foul Ball, location: 2F 0-1: Ball 1-1: Swinging Strike 1-2: Strikes out swinging
|
Batting: SHB Blake Abbott
|
0-0: Called Strike 0-1: Swinging Strike 0-2: Ball 1-2: Strikes out swinging
|
Top of the 7th over - 0 runs, 0 hits, 0 errors, 0 left on base; Pulaski 12 - Burlington 0 |
BOTTOM OF THE 7TH |
Burlington Royals batting - Pitching for Pulaski Yankees : LHP Arturo Eli
|
Batting: SHB Danny Ballenger
|
0-0: Foul Ball, location: 2F 0-1: Ball 1-1: Ball 2-1: Called Strike 2-2: Ball 3-2: Strikes out swinging
|
Batting: RHB Rob Ward
|
0-0: Ball 1-0: Ball 2-0: Ball 3-0: Called Strike 3-1: Base on Balls
|
Batting: LHB Bobby Gonzalez
|
0-0: Called Strike 0-1: Foul Ball, location: 2F 0-2: Ball 1-2: Foul Ball, location: 2F 1-2: Foul Ball, location: 2F 1-2: Strikes out swinging
|
Pitching: RHP Vince DeFord
|
|
Batting: SHB Marcos Cortez
|
0-0: Called Strike 0-1: Ball 1-1: Foul Ball, location: 2F 1-2: Ball 2-2: Strikes out swinging
|
Bottom of the 7th over - 0 runs, 0 hits, 0 errors, 1 left on base; Pulaski 12 - Burlington 0 |
TOP OF THE 8TH |
Pulaski Yankees batting - Pitching for Burlington Royals : RHP Kolenka Leschenya
|
Batting: RHB Mike Gifford
|
0-0: Called Strike 0-1: Ball 1-1: Ball 2-1: Ball 3-1: Foul Ball, location: 2F 3-2: Base on Balls
|
Batting: RHB Bobby Melillo
|
0-0: Ball 1-0: Called Strike 1-1: Ball 2-1: Ball 3-1: Base on Balls Mike Gifford to second
|
Batting: SHB Joe Fure
|
0-0: Ball 1-0: Ball Passed Ball! Mike Gifford to third Bobby Melillo to second 2-0: Ball 3-0: Base on Balls
|
Batting: RHB Nick Dunton
|
0-0: Called Strike 0-1: Called Strike 0-2: Strikes out looking
|
Batting: RHB Johannes Gutermuth
|
0-0: Ball 1-0: Fly out, F8 (Flyball, 8RS, EV 73.1 MPH)
|
Batting: RHB Roberto Tena
|
0-0: Ball 1-0: Ball 2-0: Fly out, F8 (Flyball, 8LXD, EV 90.6 MPH)
|
Top of the 8th over - 0 runs, 0 hits, 0 errors, 3 left on base; Pulaski 12 - Burlington 0 |
BOTTOM OF THE 8TH |
Burlington Royals batting - Pitching for Pulaski Yankees : RHP Vince DeFord
|
Batting: RHB Shane Bruce
|
0-0: Ball 1-0: Ball 2-0: Foul Ball, location: 2F 2-1: Ball 3-1: Foul Ball, location: 2F 3-2: Base on Balls
|
Batting: RHB Matthew Orphan
|
0-0: Bunt missed! 0-1: Sac Bunt to 15S - play at first, batter OUT! 1-4 Shane Bruce to second
|
Batting: RHB Tim Persson
|
0-0: Foul Ball, location: 2F 0-1: Called Strike 0-2: Strikes out looking
|
Batting: LHB Ernesto Abreu
|
0-0: Called Strike 0-1: Swinging Strike 0-2: Ball 1-2: Strikes out looking
|
Bottom of the 8th over - 0 runs, 0 hits, 0 errors, 1 left on base; Pulaski 12 - Burlington 0 |
TOP OF THE 9TH |
Pulaski Yankees batting - Pitching for Burlington Royals : RHP Kolenka Leschenya
|
Batting: LHB Joel Vera
|
0-0: Called Strike 0-1: Ball 1-1: Ball 2-1: Foul Ball, location: 2F 2-2: Foul Ball, location: 2F 2-2: Hit by Pitch
|
Pitching: RHP Neil Drain
|
|
Batting: LHB Dan Morris
|
0-0: Ball 1-0: Swinging Strike 1-1: Foul Ball, location: 2F 1-2: Strikes out swinging
|
Batting: SHB Blake Abbott
|
0-0: Foul Ball, location: 2F 0-1: Called Strike 0-2: Strikes out swinging
|
Batting: RHB Mike Gifford
|
0-0: Ball 1-0: Ball 2-0: Foul Ball, location: 2F 2-1: SINGLE (Flyball, 9, EV 85.6 MPH) Joel Vera to second
|
Batting: RHB Bobby Melillo
|
0-0: SINGLE (Line Drive, 6D, EV 108.1 MPH) Joel Vera to third Mike Gifford to second Runner from 3rd tries for Home, throw by LF and OUT! 7-2
|
Top of the 9th over - 0 runs, 2 hits, 0 errors, 2 left on base; Pulaski 12 - Burlington 0 |
BOTTOM OF THE 9TH |
Burlington Royals batting - Pitching for Pulaski Yankees : RHP Vince DeFord
|
Batting: SHB Manny Berrones
|
0-0: Called Strike 0-1: Ball 1-1: Foul Ball, location: 2F 1-2: Foul Ball, location: 2F 1-2: Strikes out swinging
|
Batting: SHB Danny Ballenger
|
0-0: Ball 1-0: Ball 2-0: Foul Ball, location: 2F 2-1: SINGLE (Groundball, 56D, EV 96.9 MPH)
|
Batting: RHB Rob Ward
|
0-0: Swinging Strike 0-1: Swinging Strike 0-2: Strikes out swinging
|
Batting: LHB Bobby Gonzalez
|
0-0: Foul Ball, location: 2F 0-1: Called Strike 0-2: Strikes out swinging
|
Bottom of the 9th over - 0 runs, 1 hit, 0 errors, 1 left on base; Pulaski 12 - Burlington 0 |
|